| TOP OF THE 1ST |
|
Seattle Mariners batting - Pitching for Boston Red Sox : LHP Ragnar Danielsson
|
|
Pitching: LHP Ragnar Danielsson
|
|
|
Batting: SHB Nelson Powell
|
0-0: Called Strike 0-1: Ground out 1-3 (Groundball, 15S, EV 76.9 MPH)
|
|
Batting: RHB Jose Vasquez
|
0-0: Ball 1-0: Ball 2-0: Foul Ball, location: 2F 2-1: Ball 3-1: Base on Balls
|
|
Batting: SHB Floyd-William Goof
|
0-0: Foul Ball, location: 2F 0-1: Called Strike 0-2: Ball 1-2: Ball 2-2: Strikes out looking
|
|
Batting: SHB Tze-meng Gan
|
0-0: Foul Ball, location: 2F 0-1: Ball Wild Pitch! Jose Vasquez to second 1-1: Ball 2-1: Swinging Strike 2-2: Ball 3-2: Foul Ball, location: 2F 3-2: Foul Ball, location: 2F 3-2: 2-RUN HOME RUN (Flyball, 78XD, EV 114.4 MPH), Distance : 451 ft
|
|
Batting: LHB Bi-jun Chien
|
0-0: Ball 1-0: Ball 2-0: Ball 3-0: Called Strike 3-1: Foul Ball, location: 2F 3-2: Base on Balls
|
|
Batting: RHB Ivan Colon
|
0-0: Called Strike 0-1: Ball 1-1: Ball 2-1: Ball Bi-jun Chien is caught stealing 2nd base 2-4
|
| Top of the 1st over - 2 runs, 1 hit, 0 errors, 0 left on base; Seattle 2 - Boston 0 |
| BOTTOM OF THE 1ST |
|
Boston Red Sox batting - Pitching for Seattle Mariners : LHP Larry Tuckfard
|
|
Pitching: LHP Larry Tuckfard
|
|
|
Batting: SHB Robbie Rogers
|
0-0: Ground out 4-3 (Groundball, 34, EV 88.1 MPH)
|
|
Batting: RHB Scott Treider
|
0-0: Fly out, F7 (Flyball, 78D, EV 84.4 MPH)
|
|
Batting: LHB Kevin McCormic Jr.
|
0-0: Ball 1-0: Called Strike 1-1: Ball 2-1: Swinging Strike 2-2: Foul Ball, location: 2F 2-2: Fly out, F6 (Flyball, 56D, EV 90.0 MPH)
|
| Bottom of the 1st over - 0 runs, 0 hits, 0 errors, 0 left on base; Seattle 2 - Boston 0 |
| TOP OF THE 2ND |
|
Seattle Mariners batting - Pitching for Boston Red Sox : LHP Ragnar Danielsson
|
|
Batting: RHB Ivan Colon
|
0-0: Ball 1-0: Ball 2-0: Foul Ball, location: 2F 2-1: Ball 3-1: Called Strike 3-2: Ground out 5-3 (Groundball, 56, EV 107.5 MPH)
|
|
Batting: RHB Corey Ottinger
|
0-0: Ball 1-0: Foul Ball, location: 2F 1-1: Swinging Strike 1-2: Ball 2-2: Ball 3-2: Strikes out swinging
|
|
Batting: LHB Dae-ik Yoon
|
0-0: Ball 1-0: Foul Ball, location: 2F 1-1: Ball 2-1: Foul Ball, location: 2F 2-2: Ball 3-2: Foul Ball, location: 2F 3-2: Foul Ball, location: 2F 3-2: Ground out 6-3 (Groundball, 6, EV 77.5 MPH)
|
| Top of the 2nd over - 0 runs, 0 hits, 0 errors, 0 left on base; Seattle 2 - Boston 0 |
| BOTTOM OF THE 2ND |
|
Boston Red Sox batting - Pitching for Seattle Mariners : LHP Larry Tuckfard
|
|
Batting: RHB Chris Lane
|
0-0: Foul Ball, location: 2F 0-1: Ball 1-1: Foul Ball, location: 2F 1-2: Strikes out swinging
|
|
Batting: RHB Marty King
|
0-0: Ball 1-0: Ball 2-0: Called Strike 2-1: Foul Ball, location: 2F 2-2: Ball 3-2: Strikes out swinging
|
|
Batting: RHB Won-jun Park
|
0-0: Called Strike 0-1: Called Strike 0-2: Strikes out looking
|
| Bottom of the 2nd over - 0 runs, 0 hits, 0 errors, 0 left on base; Seattle 2 - Boston 0 |
| TOP OF THE 3RD |
|
Seattle Mariners batting - Pitching for Boston Red Sox : LHP Ragnar Danielsson
|
|
Batting: RHB Jonathan Rangel
|
0-0: Foul Ball, location: 2F 0-1: Ball 1-1: Ball 2-1: Ball 3-1: Called Strike 3-2: Base on Balls
|
|
Batting: SHB Nelson Powell
|
0-0: Foul Ball, location: 2F 0-1: Foul Ball, location: 2F 0-2: Ball 1-2: Ball 2-2: SINGLE (Line Drive, 89S, EV 88.1 MPH) Jonathan Rangel to second Runner from 2nd tries for 3rd, SAFE, throw by RF made to third
|
|
Batting: RHB Jose Vasquez
|
0-0: Ball 1-0: Swinging Strike 1-1: Called Strike 1-2: Foul Ball, location: 2F 1-2: Strikes out looking
|
|
Batting: SHB Floyd-William Goof
|
0-0: Ball 1-0: Fly out, F8 (Flyball, 8RD, EV 96.9 MPH) Runner from 3rd tags up, SCORES, throw by CF
|
|
Batting: SHB Tze-meng Gan
|
0-0: Called Strike 0-1: Ball 1-1: Ball 2-1: Foul Ball, location: 2F 2-2: 2-RUN HOME RUN (Flyball, 9D, EV 98.1 MPH), Distance : 386 ft
|
|
Pitching: LHP Zack McGovern
|
|
|
Batting: LHB Bi-jun Chien
|
0-0: Ball 1-0: Ball 2-0: Swinging Strike 2-1: SINGLE (Groundball, 6D, EV 97.5 MPH)
|
|
Batting: RHB Ivan Colon
|
0-0: Called Strike 0-1: Foul Ball, location: 2F 0-2: Ball 1-2: Fly out, F4 (Flyball, 34D, EV 88.8 MPH)
|
| Top of the 3rd over - 3 runs, 3 hits, 0 errors, 1 left on base; Seattle 5 - Boston 0 |
| BOTTOM OF THE 3RD |
|
Boston Red Sox batting - Pitching for Seattle Mariners : LHP Larry Tuckfard
|
|
Batting: RHB Reilly Hawkins
|
0-0: Called Strike 0-1: Foul Ball, location: 2F 0-2: Ball 1-2: Ball 2-2: Ball 3-2: Foul Ball, location: 2F 3-2: Base on Balls
|
|
Batting: LHB Xavier Pittman
|
0-0: Called Strike 0-1: Foul Ball, location: 2F 0-2: Ball 1-2: Foul Ball, location: 2F 1-2: Ball 2-2: Foul Ball, location: 2F 2-2: Foul Ball, location: 2F 2-2: Strikes out swinging
|
|
Batting: SHB Brace Harper
|
0-0: Swinging Strike 0-1: Swinging Strike 0-2: Strikes out swinging
|
|
Batting: SHB Robbie Rogers
|
0-0: Ball 1-0: Ball 2-0: Ground out 2-3 (Groundball, 15S, EV 68.8 MPH)
|
| Bottom of the 3rd over - 0 runs, 0 hits, 0 errors, 1 left on base; Seattle 5 - Boston 0 |
| TOP OF THE 4TH |
|
Seattle Mariners batting - Pitching for Boston Red Sox : LHP Zack McGovern
|
|
Batting: RHB Corey Ottinger
|
0-0: Called Strike 0-1: Swinging Strike 0-2: Strikes out swinging
|
|
Batting: LHB Dae-ik Yoon
|
0-0: Ball 1-0: Called Strike 1-1: Ball 2-1: Ball 3-1: Foul Ball, location: 2F 3-2: Foul Ball, location: 2F 3-2: Fly out, F6 (Flyball, 6MD, EV 94.4 MPH)
|
|
Batting: RHB Jonathan Rangel
|
0-0: Called Strike 0-1: SINGLE (Groundball, 6D, EV 104.4 MPH)
|
|
Batting: SHB Nelson Powell
|
0-0: Ball 1-0: Ball Jonathan Rangel steals 2nd base 2-0: Called Strike 2-1: Ball 3-1: Called Strike 3-2: Strikes out swinging
|
| Top of the 4th over - 0 runs, 1 hit, 0 errors, 1 left on base; Seattle 5 - Boston 0 |
| BOTTOM OF THE 4TH |
|
Boston Red Sox batting - Pitching for Seattle Mariners : LHP Larry Tuckfard
|
|
Batting: RHB Scott Treider
|
0-0: SINGLE (Groundball, 5S, EV 63.1 MPH) (infield hit)
|
|
Batting: LHB Kevin McCormic Jr.
|
0-0: Ball 1-0: SINGLE (Groundball, 6MD, EV 98.1 MPH) Scott Treider to second
|
|
Batting: RHB Chris Lane
|
0-0: Ball Scott Treider is caught stealing 3rd base 2-5 1-0: Ball 2-0: Foul Ball, location: 2F 2-1: Ball 3-1: Foul Ball, location: 2F 3-2: Base on Balls Kevin McCormic Jr. to second
|
|
Batting: RHB Marty King
|
0-0: Ball 1-0: Foul Ball, location: 2F 1-1: Grounds into double play, 5-4-3 (Groundball, 5S, EV 83.8 MPH)
|
| Bottom of the 4th over - 0 runs, 2 hits, 0 errors, 1 left on base; Seattle 5 - Boston 0 |
| TOP OF THE 5TH |
|
Seattle Mariners batting - Pitching for Boston Red Sox : LHP Zack McGovern
|
|
Pitching: RHP Adam Thomas
|
|
|
Batting: RHB Jose Vasquez
|
0-0: Ball 1-0: Ball 2-0: Ball 3-0: Fly out, F7 (Flyball, 7D, EV 92.5 MPH)
|
|
Batting: SHB Floyd-William Goof
|
0-0: Ball 1-0: Called Strike 1-1: Ground out 6-3 (Groundball, 6, EV 100.6 MPH)
|
|
Batting: SHB Tze-meng Gan
|
0-0: Foul Ball, location: 2F 0-1: Called Strike 0-2: Strikes out looking
|
| Top of the 5th over - 0 runs, 0 hits, 0 errors, 0 left on base; Seattle 5 - Boston 0 |
| BOTTOM OF THE 5TH |
|
Boston Red Sox batting - Pitching for Seattle Mariners : LHP Larry Tuckfard
|
|
Pitching: LHP David Anaya
|
|
|
Batting: RHB Won-jun Park
|
0-0: Foul Ball, location: 2F 0-1: Fly out, F7 (Flyball, 7LS, EV 88.1 MPH)
|
|
Batting: RHB Reilly Hawkins
|
0-0: Ball 1-0: Called Strike 1-1: Ball 2-1: Foul Ball, location: 2F 2-2: Foul Ball, location: 2F 2-2: Foul Ball, location: 2F 2-2: Foul Ball, location: 2F 2-2: Ball 3-2: SINGLE (Line Drive, 9S, EV 91.3 MPH)
|
|
Batting: LHB Xavier Pittman
|
0-0: Foul Ball, location: 2F 0-1: Foul Ball, location: 2F 0-2: Ball 1-2: Foul Ball, location: 2F 1-2: Fielders Choice at 2nd, 3-6 (Groundball, 3S, EV 81.9 MPH)
|
|
Batting: SHB Brace Harper
|
0-0: Called Strike Xavier Pittman is caught stealing 2nd base 2-4
|
| Bottom of the 5th over - 0 runs, 1 hit, 0 errors, 0 left on base; Seattle 5 - Boston 0 |
| TOP OF THE 6TH |
|
Seattle Mariners batting - Pitching for Boston Red Sox : RHP Adam Thomas
|
|
Batting: LHB Bi-jun Chien
|
0-0: Ball 1-0: Foul Ball, location: 2F 1-1: Swinging Strike 1-2: Strikes out swinging
|
|
Batting: RHB Ivan Colon
|
0-0: Foul Ball, location: 2F 0-1: Ball 1-1: Foul Ball, location: 2F 1-2: Foul Ball, location: 2F 1-2: Strikes out swinging
|
|
Batting: RHB Corey Ottinger
|
0-0: Ball 1-0: Swinging Strike 1-1: Foul Ball, location: 2F 1-2: Foul Ball, location: 2F 1-2: Ball 2-2: Foul Ball, location: 2F 2-2: Ball 3-2: Base on Balls
|
|
Batting: LHB Dae-ik Yoon
|
0-0: Called Strike 0-1: Ball 1-1: Ball 2-1: Called Strike 2-2: Strikes out swinging
|
| Top of the 6th over - 0 runs, 0 hits, 0 errors, 1 left on base; Seattle 5 - Boston 0 |
| BOTTOM OF THE 6TH |
|
Boston Red Sox batting - Pitching for Seattle Mariners : LHP David Anaya
|
|
Batting: SHB Brace Harper
|
0-0: Ground out 5-3 (Groundball, 56, EV 101.3 MPH)
|
|
Batting: SHB Robbie Rogers
|
0-0: Ball 1-0: SINGLE (Groundball, 4D, EV 100.0 MPH)
|
|
Batting: RHB Scott Treider
|
0-0: Ball Robbie Rogers steals 2nd base 1-0: Ball Robbie Rogers steals 3rd base (no throw) 2-0: Called Strike Steal of home, Robbie Rogers is out 2-1: Fly out, F9 (Line Drive, 9, EV 98.1 MPH)
|
| Bottom of the 6th over - 0 runs, 1 hit, 0 errors, 0 left on base; Seattle 5 - Boston 0 |
| TOP OF THE 7TH |
|
Seattle Mariners batting - Pitching for Boston Red Sox : RHP Adam Thomas
|
|
Batting: RHB Jonathan Rangel
|
0-0: Ball 1-0: Fly out, F8 (Flyball, 8LXD, EV 93.8 MPH)
|
|
Batting: SHB Nelson Powell
|
0-0: Called Strike 0-1: Foul Ball, location: 2F 0-2: Ball 1-2: Foul Ball, location: 2F 1-2: Ground out 4-3 (Groundball, 34, EV 85.6 MPH)
|
|
Pinch Hitting: LHB Jerrod Cluck
|
0-0: Called Strike 0-1: Ball 1-1: Ball 2-1: SOLO HOME RUN (Line Drive, 9LD, EV 94.4 MPH), Distance : 345 ft
|
|
Pinch Hitting: RHB Leon Alders
|
0-0: Called Strike 0-1: Ball 1-1: Ball 2-1: Foul Ball, location: 2F 2-2: Foul Ball, location: 2F 2-2: Ground out 5-3 (Groundball, 56, EV 86.3 MPH)
|
| Top of the 7th over - 1 run, 1 hit, 0 errors, 0 left on base; Seattle 6 - Boston 0 |
| BOTTOM OF THE 7TH |
|
Boston Red Sox batting - Pitching for Seattle Mariners : LHP David Anaya
|
|
Now at 1B: Leon Alders
|
|
|
Now in CF: Jerrod Cluck
|
|
|
Batting: LHB Kevin McCormic Jr.
|
0-0: Swinging Strike 0-1: Ball 1-1: Ball 2-1: Ball 3-1: Ground out 2-3 (Groundball, 2L, EV 73.1 MPH)
|
|
Batting: RHB Chris Lane
|
0-0: Ball 1-0: Called Strike 1-1: Called Strike 1-2: Fly out, F8 (Flyball, 89XD, EV 93.1 MPH)
|
|
Batting: RHB Marty King
|
0-0: Ground out 6-3 (Groundball, 6, EV 98.1 MPH)
|
| Bottom of the 7th over - 0 runs, 0 hits, 0 errors, 0 left on base; Seattle 6 - Boston 0 |
| TOP OF THE 8TH |
|
Seattle Mariners batting - Pitching for Boston Red Sox : RHP Adam Thomas
|
|
Batting: SHB Tze-meng Gan
|
0-0: Ball 1-0: Ball 2-0: Ball 3-0: Called Strike 3-1: Base on Balls
|
|
Pitching: RHP Danny Klomp
|
|
|
Pinch Hitting: LHB Cliff Thomas
|
0-0: Called Strike 0-1: Foul Ball, location: 2F 0-2: Strikes out looking
|
|
Pinch Hitting: RHB Steve Bartman Jr.
|
0-0: Ball 1-0: Swinging Strike 1-1: Foul Ball, location: 2F 1-2: Ball Tze-meng Gan steals 2nd base 2-2: Ball 3-2: Foul Ball, location: 2F 3-2: Base on Balls
|
|
Batting: RHB Corey Ottinger
|
0-0: Foul Ball, location: 2F 0-1: Called Strike 0-2: Ball 1-2: Strikes out swinging
|
|
Batting: LHB Dae-ik Yoon
|
0-0: Called Strike 0-1: Ball 1-1: Ball 2-1: Fly out, F8 (Flyball, 78D, EV 103.1 MPH)
|
| Top of the 8th over - 0 runs, 0 hits, 0 errors, 2 left on base; Seattle 6 - Boston 0 |
| BOTTOM OF THE 8TH |
|
Boston Red Sox batting - Pitching for Seattle Mariners : LHP David Anaya
|
|
Now at 2B: Steve Bartman Jr.
|
|
|
Now in LF: Dae-ik Yoon
|
|
|
Now in RF: Cliff Thomas
|
|
|
Batting: RHB Won-jun Park
|
0-0: Called Strike 0-1: Called Strike 0-2: Ball 1-2: Ball 2-2: SINGLE (Flyball, 56D, EV 93.1 MPH)
|
|
Batting: RHB Reilly Hawkins
|
0-0: Called Strike 0-1: Called Strike 0-2: Ball 1-2: Strikes out swinging
|
|
Pinch Hitting: SHB Mark Rennie
|
0-0: Ball Wild Pitch! Won-jun Park to second 1-0: Ball 2-0: Swinging Strike 2-1: Ball 3-1: Base on Balls
|
|
Pitching: LHP Valery Sahanov
|
|
|
Batting: SHB Brace Harper
|
0-0: Ball 1-0: Called Strike 1-1: Fly out, F7 (Flyball, 7, EV 91.3 MPH)
|
|
Batting: SHB Robbie Rogers
|
0-0: Ball 1-0: Ball 2-0: Foul Ball, location: 2F 2-1: Ball 3-1: Ground out U3 (Groundball, 34, EV 108.1 MPH)
|
| Bottom of the 8th over - 0 runs, 1 hit, 0 errors, 2 left on base; Seattle 6 - Boston 0 |
| TOP OF THE 9TH |
|
Seattle Mariners batting - Pitching for Boston Red Sox : RHP Danny Klomp
|
|
Now at 2B: Chris Lane
|
|
|
Now in LF: Mark Rennie
|
|
|
Batting: RHB Young-kwang Ohnn
|
0-0: Called Strike 0-1: Foul Ball, location: 2F 0-2: Ball 1-2: Foul Ball, location: 2F 1-2: Strikes out swinging
|
|
Batting: SHB Nelson Powell
|
0-0: Foul Ball, location: 2F 0-1: Ball 1-1: Foul Ball, location: 2F 1-2: Strikes out swinging
|
|
Batting: LHB Jerrod Cluck
|
0-0: Ball 1-0: Swinging Strike 1-1: Ball 2-1: Swinging Strike 2-2: Foul Ball, location: 2F 2-2: Strikes out swinging
|
| Top of the 9th over - 0 runs, 0 hits, 0 errors, 0 left on base; Seattle 6 - Boston 0 |
| BOTTOM OF THE 9TH |
|
Boston Red Sox batting - Pitching for Seattle Mariners : LHP Valery Sahanov
|
|
Pinch Hitting: LHB Shoichi Aso
|
0-0: Ground out U3 (Groundball, 3, EV 84.4 MPH)
|
|
Batting: LHB Kevin McCormic Jr.
|
0-0: Called Strike 0-1: SOLO HOME RUN (Flyball, 9D, EV 97.5 MPH), Distance : 385 ft
|
|
Batting: RHB Chris Lane
|
0-0: Swinging Strike 0-1: Swinging Strike 0-2: Strikes out swinging
|
|
Pinch Hitting: LHB Ernesto Cedillos
|
0-0: Ball 1-0: Swinging Strike 1-1: Foul Ball, location: 2F 1-2: Ball 2-2: Strikes out swinging
|
| Bottom of the 9th over - 1 run, 1 hit, 0 errors, 0 left on base; Seattle 6 - Boston 1 |
|